 Dungeon Crawl Stone Soup version 0.30-a0-802-gb92711bcdf (webtiles) character file.

Game seed: 4953226289888165003

5870 retardedninja the Blocker (level 10, -2/82 HPs)
             Began as a Gnoll Fighter on Feb 23, 2023.
             Was an Initiate of Gozag.
             Slain by a centaur warrior
             ... wielding a staff of conjuration
              (13 damage)
             ... on level 8 of the Dungeon.
             The game lasted 00:19:01 (12092 turns).

retardedninja the Blocker (Gnoll Fighter)          Turns: 12092, Time: 00:19:01

Health: -2/82      AC: 20    Str: 23      XL:     10   Next: 81%
Magic:  20/20      EV:  8    Int:  6      God:    Gozag
Gold:   167        SH: 10    Dex: 11 (12) Spells: 20/20 levels left

rFire   . . .      SeeInvis .    b - +5 flail (protect)
rCold   . . .      Faith    .    c - +0 buckler
rNeg    . . .      Spirit   .    w - +0 plate armour
rPois   .          Reflect  .    k - +0 helmet
rElec   .          Harm     .    e - +0 cloak {rCorr}
rCorr   +          Rampage  .    a - +0 pair of gloves
Will    .....                    (no boots) Stlth
                                 (no amulet)
HPRegen 0.33/turn                (no ring)
MPRegen 0.17/turn                (no ring)

@: brilliant, gold aura, under a protective aura, on berserk cooldown, slowed,
invisible, very slow
A: fangs 2, strong nose, distributed training, large bone plates 1, deformed
body, deterioration 1, high MP 1, strong 1
a: Renounce Religion, Potion Petition, Call Merchant, Bribe Branch


You were on level 8 of the Dungeon.
You worshipped Gozag.
Gozag was aware of your devotion.
You visited 2 branches of the dungeon, and saw 9 of its levels.

You collected 932 gold pieces.
You spent 161 gold pieces at shops.
You paid 604 gold pieces to Gozag.

Inventory:

Hand Weapons
 b - a +5 flail of protection (weapon)
Missiles
 d - a throwing net (quivered)
Armour
 a - a +0 pair of gloves (worn)
 c - a +0 buckler (worn)
 e - a +0 cloak of preservation (worn)
 j - a +0 pair of boots
 k - a +0 helmet (worn)
 w - a +0 plate armour (worn)
Jewellery
 l - a ring of protection from cold
 v - a ring of positive energy
Wands
 n - a wand of charming (3)
 q - a wand of mindburst (13)
Scrolls
 f - 2 scrolls of silence
 s - 4 scrolls of identify
Potions
 g - a potion of attraction
 i - a potion of flight
 u - 2 potions of cancellation


   Skills:
 + Level 8.9 Fighting
 + Level 5.8 Short Blades
 + Level 5.8 Long Blades
 + Level 7.5 Axes
 + Level 5.8 Maces & Flails
 + Level 5.8 Polearms
 + Level 5.8 Staves
 + Level 5.8 Ranged Weapons
 + Level 5.8 Throwing
 + Level 8.9 Armour
 + Level 5.8 Dodging
 + Level 5.8 Stealth
 + Level 8.9 Shields
 + Level 5.8 Unarmed Combat
 + Level 5.8 Spellcasting
 + Level 4.8 Conjurations
 + Level 4.8 Hexes
 + Level 4.8 Summonings
 + Level 4.8 Necromancy
 + Level 4.8 Translocations
 + Level 4.8 Transmutations
 + Level 4.8 Fire Magic
 + Level 4.8 Ice Magic
 + Level 4.8 Air Magic
 + Level 4.8 Earth Magic
 + Level 4.8 Poison Magic
 + Level 6.4 Invocations
 + Level 5.8 Evocations


You had 20 spell levels left.
You didn't know any spells.
Your spell library contained the following spells:

 Spells                   Type           Power      Damage    Failure   Level
 Ignite Poison            Fire/Tmut/Pois 11%        N/A       88%         3
 Kindle Blastsparks       Fire/Tloc/Air  22%        2d11      88%         3
 Freezing Cloud           Conj/Ice/Air   5%         6-21      100%        5


Dungeon Overview and Level Annotations

Branches:
Dungeon (8/15)             Temple (1/1) D:6
   Lair: D:8-11

Altars:
Ashenzari
Cheibriados
Dithmenos
Elyvilon
Fedhas
Gozag
Hepliaklqana
Kikubaaqudgha
Makhleb
Nemelex Xobeh
Qazlal
Ru
Sif Muna
Uskayaw
Vehumet
Wu Jian
Xom
Yredelemnul
Zin
The Shining One

Shops:
D:2 (   D:4 =   D:8 [

Annotations:
D:3 exclusion: statue


Innate Abilities, Weirdness & Mutations

You have extremely sharp teeth.
Your uncanny sense of smell can sniff out nearby items.
Your experience applies equally to all skills.
You are partially covered in large bone plates. (SH +4)
Armour fits poorly on your strangely shaped body.
Your body sometimes deteriorates upon taking damage.
You have an increased reservoir of magic. (+10% MP)
Your muscles are strong. (Str +4, Int/Dex -1)


Message History

The centaur warrior shoots an arrow.
The arrow hits you!
* * * LOW HITPOINT WARNING * * *
The orc wizard jeers loudly.
The orc wizard casts a spell at you.
You easily resist.
The cyclops shouts!
You hear a shout!
Okay, then.
It was a potion of heal wounds.
You feel much better.
The cyclops is no longer distracted by gold.
The howler monkey hoots and howls with incredible vigour!
The bullfrog hits you but does no damage.
The centaur warrior shoots an arrow.
The arrow hits you but does no damage. You block the bullfrog's attack.
You hear a roar!
You hear a shout! x3
Okay, then.
Okay, then.
It was a potion of invisibility.
You fade into invisibility!
The bullfrog hits you but does no damage.
The centaur warrior shoots an arrow.
The arrow completely misses the orc wizard.
The arrow hits you!
* * * LOW HITPOINT WARNING * * *
You block the orc wizard's attack.
The bullfrog hits you but does no damage.
The centaur warrior shoots an arrow.
The arrow hits the orc wizard!
The orc wizard gestures at you while chanting.
The puff of flame misses you.
It was a potion of brilliance.
You feel clever all of a sudden. The bullfrog barely misses you.
You block the bullfrog's attack.
You sock the bullfrog!
Your weapon exudes an aura of protection.
The bullfrog is moderately wounded.
The howler monkey howls!
The centaur warrior unwields a +0 shortbow.
The centaur warrior wields a staff of conjuration.
The centaur warrior hits you with a staff of conjuration!
You die...
Your body crumbles into a pile of gold.

#!.....##....# #hyC..'.#
.......##....# # K.##.##.#
.......##....###. โˆ† โˆ† #.#
..[.....#......#.## ##C#
#.......).)....#..## ##..#
.......).#.....##W.## ##..##
....#..))#.....'o#.ยง###'###Qh####
....#....#.....#c##Qh..$..cC#....
....#....#.....#@FKh.########...#
....######.....#####.## ##..###
....# #.....#####.Q# ###......
....# #........###c###........
....# ##........###โˆ†..h.##....#
....# #............)F..>.....<..#
....# #.#######...###...........#
##### # #...##..........[.#
#...##............#


You could see a tengu warrior (unable to see you), a centaur warrior (unable to
see you), a wraith, a kobold brigand (unable to see you), a bullfrog (unable to
see you), 2 howler monkeys and an orc wizard (unable to see you).

Vanquished Creatures
  Pikel (D:5)
  A cyclops (D:6)
  A kobold demonologist (D:8)
  Sigmund (D:3)
  3 yaks (D:8)
  A vampire mosquito (D:8)
  Eustachio (D:4)
  A steam dragon (D:7)
  3 water moccasins
  2 ice beasts
  A sky beast (D:6)
  An orc warrior (D:8)
  6 ogres
  2 centaurs
  3 phantoms
  3 lemures
  A bullfrog (D:7)
  A necrophage (D:7)
  A gnoll sergeant (D:7)
  A scorpion (D:6)
  17 wights
  6 killer bees (D:5)
  A crimson imp (D:7)
  2 hounds (D:5)
  A jelly (D:4)
  Crazy Yiuf (D:5)
  2 orc priests
  A gnoll bouda (D:2)
  Jessica (D:3)
  Terence (D:3)
  3 iguanas
  5 orc wizards
  Robin (D:3)
  14 gnolls
  7 adders
  A shadow imp (D:7)
  2 white imps
  2 worms (D:2)
  2 dart slugs
  18 orcs
  6 endoplasms
  4 giant cockroaches
  14 goblins
  11 hobgoblins
  9 jackals
  2 quokkas
  6 ball pythons
  7 bats
  A frilled lizard (D:2)
  11 kobolds
  7 rats
201 creatures vanquished.

Vanquished Creatures (others)
  A bullfrog (D:8)
  13 plants
14 creatures vanquished.

Grand Total: 215 creatures vanquished

Notes
Turn   | Place    | Note
-------+----------+-------------------------------------------
     0 | D:1      | retardedninja the Gnoll Fighter began the quest for the
                  | Orb.
     0 | D:1      | Reached XP level 1. HP: 23/23 MP: 1/1
    74 | D:1      | Reached XP level 2. HP: 23/29 MP: 2/2
   216 | D:1      | Reached XP level 3. HP: 32/35 MP: 3/3
   348 | D:1      | Found a faded altar of an unknown god.
   351 | D:1      | Reached skill level 1 in Invocations
   522 | D:2      | Reached skill level 1 in Short Blades
   522 | D:2      | Reached skill level 1 in Long Blades
   522 | D:2      | Reached skill level 1 in Maces & Flails
   522 | D:2      | Reached skill level 1 in Polearms
   522 | D:2      | Reached skill level 1 in Staves
   522 | D:2      | Reached skill level 1 in Ranged Weapons
   522 | D:2      | Reached skill level 1 in Throwing
   522 | D:2      | Reached skill level 1 in Dodging
   522 | D:2      | Reached skill level 1 in Stealth
   522 | D:2      | Reached skill level 1 in Unarmed Combat
   522 | D:2      | Reached skill level 1 in Spellcasting
   522 | D:2      | Reached skill level 1 in Evocations
   663 | D:2      | Found Robekk's Weapon Emporium.
   734 | D:2      | Reached XP level 4. HP: 33/41 MP: 5/5
  1052 | D:3      | Noticed Robin
  1065 | D:3      | Reached skill level 1 in Conjurations
  1065 | D:3      | Reached skill level 1 in Hexes
  1065 | D:3      | Reached skill level 1 in Summonings
  1065 | D:3      | Reached skill level 1 in Necromancy
  1065 | D:3      | Reached skill level 1 in Translocations
  1065 | D:3      | Reached skill level 1 in Transmutations
  1065 | D:3      | Reached skill level 1 in Fire Magic
  1065 | D:3      | Reached skill level 1 in Ice Magic
  1065 | D:3      | Reached skill level 1 in Air Magic
  1065 | D:3      | Reached skill level 1 in Earth Magic
  1065 | D:3      | Reached skill level 1 in Poison Magic
  1236 | D:3      | Killed Robin
  1279 | D:3      | Reached XP level 5. HP: 39/47 MP: 5/7
  1478 | D:3      | Noticed Jessica
  1481 | D:3      | Killed Jessica
  1913 | D:3      | Reached XP level 6. HP: 26/53 MP: 8/8
  1918 | D:3      | Noticed Sigmund
  2281 | D:3      | Killed Sigmund
  2282 | D:3      | Reached skill level 5 in Axes
  2314 | D:3      | Found a radiant altar of Vehumet.
  2568 | D:3      | Noticed Terence
  2594 | D:3      | Killed Terence
  3405 | D:4      | Reached XP level 7. HP: 60/60 MP: 10/10
  3764 | D:4      | Found Kywolaf's Jewellery Shop.
  3895 | D:4      | Noticed Eustachio
  3903 | D:4      | Killed Eustachio
  3904 | D:4      | Reached XP level 8. HP: 67/67 MP: 12/12
  4342 | D:5      | Entered Level 5 of the Dungeon
  4694 | D:5      | Found a runed translucent door.
  4695 | D:5      | Noticed Crazy Yiuf
  5063 | D:5      | Noticed Pikel
  5829 | D:5      | Found a white marble altar of Elyvilon.
  5829 | D:5      | Found an ancient bone altar of Kikubaaqudgha.
  5913 | D:5      | Found a sparkling altar of Nemelex Xobeh.
  5914 | D:5      | Found an opulent altar of Gozag.
  5920 | D:5      | Found a stormy altar of Qazlal.
  5934 | D:5      | Found a snail-covered altar of Cheibriados.
  5936 | D:5      | Became a worshipper of Gozag Ym Sagoz the Greedy
  5956 | D:5      | Found a blossoming altar of Fedhas.
  6178 | D:5      | Killed Crazy Yiuf
  7082 | D:5      | Reached XP level 9. HP: 40/67 MP: 14/14
  7454 | D:6      | Noticed a cyclops
  8513 | D:6      | Gained mutation: Your muscles are strong. (Str +4, Int/Dex
                  | -1) [potion of mutation]
  8513 | D:6      | Gained mutation: You occasionally lose the ability to read
                  | scrolls when taking damage. [potion of mutation]
  8513 | D:6      | Gained mutation: You are clumsy. (Dex -2) [potion of
                  | mutation]
  8513 | D:6      | Gained mutation: You passively map a small area around you.
                  | [potion of mutation]
  8521 | D:6      | Killed a cyclops
  8823 | D:5      | Lost mutation: You are clumsy. (Dex -2) [potion of
                  | mutation]
  8823 | D:5      | Lost mutation: You occasionally lose the ability to read
                  | scrolls when taking damage. [potion of mutation]
  8823 | D:5      | Lost mutation: You passively map a small area around you.
                  | [potion of mutation]
  8823 | D:5      | Gained mutation: You have extremely sharp teeth. [potion of
                  | mutation]
  8823 | D:5      | Gained mutation: You occasionally lose the ability to drink
                  | potions when taking damage. [potion of mutation]
  8823 | D:5      | Gained mutation: You occasionally lose the ability to read
                  | scrolls when taking damage. [potion of mutation]
  8823 | D:5      | Gained mutation: You have an increased reservoir of magic.
                  | (+10% MP) [potion of mutation]
  8834 | D:5      | Reached skill level 5 in Invocations
  8956 | D:5      | Killed Pikel
  9313 | D:6      | Reached skill level 5 in Short Blades
  9313 | D:6      | Reached skill level 5 in Long Blades
  9313 | D:6      | Reached skill level 5 in Maces & Flails
  9313 | D:6      | Reached skill level 5 in Polearms
  9313 | D:6      | Reached skill level 5 in Staves
  9313 | D:6      | Reached skill level 5 in Ranged Weapons
  9313 | D:6      | Reached skill level 5 in Throwing
  9313 | D:6      | Reached skill level 5 in Dodging
  9313 | D:6      | Reached skill level 5 in Stealth
  9313 | D:6      | Reached skill level 5 in Unarmed Combat
  9313 | D:6      | Reached skill level 5 in Spellcasting
  9313 | D:6      | Reached skill level 5 in Evocations
  9313 | D:6      | Reached XP level 10. HP: 81/81 MP: 19/19
  9554 | D:6      | Found a staircase to the Ecumenical Temple.
  9595 | D:6      | Found a hide-covered altar of Uskayaw.
  9700 | Temple   | Entered the Ecumenical Temple
  9833 | D:7      | Found a basalt altar of Yredelemnul.
 10412 | D:7      | Lost mutation: You occasionally lose the ability to drink
                  | potions when taking damage. [potion of mutation]
 10412 | D:7      | Lost mutation: You occasionally lose the ability to read
                  | scrolls when taking damage. [potion of mutation]
 10412 | D:7      | Gained mutation: Armour fits poorly on your strangely
                  | shaped body. [potion of mutation]
 10412 | D:7      | Gained mutation: Your body sometimes deteriorates upon
                  | taking damage. [potion of mutation]
 10412 | D:7      | Gained mutation: You are partially covered in large bone
                  | plates. (SH +4) [potion of mutation]
 10521 | D:7      | Found a shimmering altar of Xom.
 10522 | D:7      | Found a burning altar of Makhleb.
 11118 | D:8      | Found Dasaklu's Armour Shop.
 11353 | D:8      | Bought a +0 cloak of preservation for 161 gold pieces
 12035 | D:8      | Noticed a centaur warrior
 12035 | D:8      | Noticed a cyclops
 12036 | D:8      | Noticed a tengu warrior
 12036 | D:8      | Noticed a kobold demonologist
 12055 | D:8      | Identified the +0 robe of Wu Jian's Castigation {rElec rF+
                  | Will+}
 12087 | D:8      | Killed a kobold demonologist
 12088 | D:8      | HP: 2/82 [centaur warrior/arrow (12)]
 12092 | D:8      | Slain by a centaur warrior

Illustrated notes

Levels and vault maps discovered:
D:1:      minmay_arrival_four_circles, layout_rooms,
          hellmonk_ecumenical_altar_dog_temple, minivault_14
D:2:      layout_rooms, serial_shops, nicolae_shop_bloodbath_and_beyond
D:3:      layout_loops_ring, vehumet_statue, nicolae_grassy_gnolls,
          uniq_jessica, uniq_terence, uniq_robin, uniq_sigmund
D:4:      layout_gridville, serial_shops, nicolae_shop_stone, uniq_eustachio
D:5:      layout_loops_corners, nicolae_overflow_hallway_of_the_gods,
          minmay_misc_feat_nine_boxes, solitary_fountain,
          kennysheep_generic_room_16, uniq_pikel, uniq_crazy_yiuf_cottage
D:6:      layout_rooms, mainiacjoe_overflow_alcove_1,
          minmay_temple_entry_gardened_gates
D:7:      layout_loops_ring, grunt_temple_overflow_champion_of_chaos,
          yredelemnul_altar_generic, kennysheep_potato
D:8:      minmay_the_grid_octo_triangle [minmay_the_grid_octo_thin_diamonds,
          minmay_the_grid_octo_prize_square_snowflake,
          minmay_the_grid_octo_checkered], layout_basic, serial_shops,
          nicolae_shop_hallway_plus, nicolae_ossuary_entry_giza
Temple:   nicolae_temple_two_arcs

Skill      XL: |  1  2  3  4  5  6  7  8  9 10 |
---------------+-------------------------------+-----
Invocations    | 1 2 3 4 5 6 |  6.4
Short Blades   | 1 2 3 5 |  5.8
Long Blades    | 1 2 3 5 |  5.8
Maces & Flails | 1 2 3 5 |  5.8
Polearms       | 1 2 3 5 |  5.8
Staves         | 1 2 3 5 |  5.8
Ranged Weapons | 1 2 3 5 |  5.8
Throwing       | 1 2 3 5 |  5.8
Dodging        | 1 2 3 5 |  5.8
Stealth        | 1 2 3 5 |  5.8
Unarmed Combat | 1 2 3 5 |  5.8
Spellcasting   | 1 2 3 5 |  5.8
Evocations     | 1 2 3 5 |  5.8
Conjurations   | 1 2 3 4 |  4.8
Hexes          | 1 2 3 4 |  4.8
Summonings     | 1 2 3 4 |  4.8
Necromancy     | 1 2 3 4 |  4.8
Translocations | 1 2 3 4 |  4.8
Transmutations | 1 2 3 4 |  4.8
Fire Magic     | 1 2 3 4 |  4.8
Ice Magic      | 1 2 3 4 |  4.8
Air Magic      | 1 2 3 4 |  4.8
Earth Magic    | 1 2 3 4 |  4.8
Poison Magic   | 1 2 3 4 |  4.8
Axes           | 5 6 7 |  7.5
Fighting       | 7 8 |  8.9
Armour         | 7 8 |  8.9
Shields        | 7 8 |  8.9

Action                     |  1- 3 |  4- 6 |  7- 9 | 10-12 || total
---------------------------+-------+-------+-------+-------++-------
  Melee: War axe           |   117 |   134 |       |       ||   251
         Bite              |     4 |    21 |    29 |    26 ||    80
         Flail             |       |    31 |   347 |   238 ||   616
  Throw: Throwing net      |       |     1 |       |       ||     1
 Invoke: Potion Petition   |       |       |       |     1 ||     1
  Evoke: Wand              |       |       |     1 |     1 ||     2
    Use: Potion            |       |     6 |     7 |     7 ||    20
         Scroll            |       |       |     6 |     6 ||    12
   Stab: Distracted        |       |       |       |     1 ||     1
 Armour: Scale mail        |    59 |    68 |       |       ||   127
         Chain mail        |       |    25 |   163 |       ||   188
         Skin              |       |    17 |    59 |       ||    76
         Plate armour      |       |       |   147 |   179 ||   326
  Dodge: Dodged            |    67 |    90 |   178 |    93 ||   428
  Block: Buckler           |    47 |    60 |   161 |   138 ||   406

Table legend: (Time is in decaauts)
 A = Elapsed time spent in this place.
 B = Non-inter-level travel time spent in this place.
 C = Inter-level travel time spent in this place.
 D = Time resting spent in this place.
 E = Time spent auto-exploring this place.
 F = Levels seen in this place.
 G = Mean time per level.
                   A        B        C        D        E       F      G
               +--------+--------+--------+--------+--------+-----+--------+
         Total |  12305 |  11804 |    501 |   4789 |   4762 |   9 | 1367.2 |
       Dungeon |  12188 |  11693 |    495 |   4789 |   4656 |   8 | 1523.5 |
        Temple |    116 |    110 |      6 |      0 |    106 |   1 |  116.0 |
               +--------+--------+--------+--------+--------+-----+--------+

Top non-repeatable levels by time:
     D:5: 4089 daAuts
     D:3: 1623 daAuts
     D:4: 1513 daAuts
     D:2: 1242 daAuts
     D:6: 1189 daAuts
     D:8: 1035 daAuts
     D:7: 966 daAuts
     D:1: 528 daAuts
  Temple: 116 daAuts
